 Dungeon Crawl Stone Soup version 0.28.0-43-g3370ac3207 (webtiles) character file.

Game seed: 15057624448020371121

94 issech the Cudgeller (level 4, -1/44 HPs)
             Began as a Troll Monk on Mar 22, 2022.
             Slain by a wraith (10 damage)
             ... in an ossuary.
             The game lasted 00:07:44 (2688 turns).

issech the Cudgeller (Troll Monk)                   Turns: 2688, Time: 00:07:45

Health: -1/44      AC:  4    Str: 19    XL:     4   Next: 38%
Magic:  3/3        EV: 10    Int:  6    God:
Gold:   146        SH:  0    Dex: 14    Spells: 3/3 levels left

rFire   . . .      SeeInvis .   a - +0 mace
rCold   . . .      Faith    .   (no shield)
rNeg    . . .      Spirit   .   b - +0 robe
rPois   .          Reflect  .   (helmet restricted)
rElec   .          Harm     .   (no cloak)
rCorr   .          Rampage  .   (gloves unavailable)
Will    .....                   (boots unavailable)
Stlth   ++........              (no amulet)
HPRegen 0.94/turn               (no ring)
MPRegen 0.08/turn               (no ring)

@: slowed, very slow
A: large, unfitting armour, claws 3, regeneration 1, shaggy fur 1, tough skin 1
a: no special abilities


You were in an ossuary.
You visited 1 branch of the dungeon, and saw 4 of its levels.
You also visited: Ossuary.

You collected 146 gold pieces.

Inventory:

Hand Weapons
 a - a +0 mace (weapon)
 c - a +0 short sword of draining
 n - a +3 short sword of electrocution
Missiles
 e - 82 stones
 g - 103 arrows
 h - 13 sling bullets
 j - 3 large rocks (quivered)
Armour
 b - a +0 robe (worn)
Wands
 k - a wand of acid (23)
 v - a wand of iceblast (9)
 x - a wand of flame (22)
Scrolls
 i - a scroll of torment {unknown}
 l - a scroll of amnesia {unknown}
 q - a scroll of fear {unknown}
 s - 3 scrolls of identify {unknown}
 u - a scroll of teleportation {unknown}
 w - a scroll of acquirement {unknown}
 y - a scroll of fog {unknown}
Potions
 d - 2 potions of degeneration {unknown}
 f - 4 potions of curing {unknown}
 m - a potion of cancellation {unknown}
 o - 3 potions of might {unknown}
 p - a potion of mutation {unknown}
 r - a potion of magic {unknown}
 t - a potion of lignification {unknown}


   Skills:
 + Level 2.9 Fighting
 + Level 3.7 Maces & Flails
 + Level 3.1 Dodging
 + Level 1.1 Stealth


You had 3 spell levels left.
You didn't know any spells.
Your spell library contained the following spells:

 Spells                   Type           Power      Damage    Failure   Level
 Foxfire                  Conj/Fire      0%         2x1d4     45%         1
 Slow                     Hex            0%         N/A       45%         1
 Confusing Touch          Hex            0%         N/A       83%         3
 Conjure Flame            Conj/Fire      0%         6-21      83%         3
 Gell's Gravitas          Tloc           0%         N/A       83%         3
 Inner Flame              Hex/Fire       0%         N/A       83%         3
 Teleport Other           Tloc           0%         N/A       83%         3
 Vampiric Draining        Necr           0%         2d6       83%         3
 Flame Wave               Conj/Fire      0%         2d4       99%         4
 Dispersal                Tloc           0%         N/A       100%        6


Dungeon Overview and Level Annotations

Branches:
Dungeon (4/15)            Ossuary (1/1)
 Temple: D:4-7

Altars:
Gozag
Qazlal
Uskayaw
Yredelemnul


Innate Abilities, Weirdness & Mutations

You are too large for most types of armour.
You have claws for hands.
Your natural rate of healing is unusually fast.
You are covered in fur. (AC +1)
You have tough skin. (AC +1)


Message History

There is an open door here.
The flying skull gives a hideous shriek!
You open the door.
There is an open door here.
The flying skull gives a hideous shriek!
u - a scroll labelled GOAPRE YCHOMP
v - a wand of iceblast (9)
w - a scroll labelled ULIORGHY OFYJO
f - 4 black potions (gained 1)
x - a wand of flame (15)
k - a wand of acid (23) (gained 15 charges)
y - a scroll labelled FEONECWUUJ
x - a wand of flame (22) (gained 7 charges)
s - 3 scrolls labelled NEFINA USCHUONG (gained 2) As you open the door, it creaks loudly!
A wraith comes into view.
The wraith closely misses you. The wraith hits you!
The wraith drains your vigour!
You feel yourself slow down. The wraith hits you.
The wraith drains your vigour!
You feel as though you will be slow longer.
You sock the wraith!
The wraith is lightly damaged.
The wraith barely misses you. The wraith hits you!
The wraith drains your vigour!
You feel as though you will be slow longer.
You closely miss the wraith.
The wraith is lightly damaged.
The wraith closely misses you.
You sock the wraith!
The wraith is moderately damaged.
The wraith hits you. The wraith barely misses you.
You barely miss the wraith.
The wraith is moderately damaged.
The wraith hits you!
* * * LOW HITPOINT WARNING * * *
The wraith drains your vigour!
You feel as though you will be slow longer.
The wraith hits you!
You die...

#.###.###.###.#
#.............#
#.............#
.###.....###.#
#.....# #.#
###.....###.#
#.............#
#.............#
#.###.###.###@#
# #. #.#.#W#
#.###.##'.#
..........#
###########


You could see a wraith.

Vanquished Creatures
  An adder (D:3)
  An adder zombie (Ossuary)
  2 worms
  3 dart slugs (D:1)
  4 orcs
  3 endoplasms
  A giant cockroach (D:2)
  A goblin (D:1)
  8 hobgoblins
  8 jackals
  5 kobolds
  4 quokkas
  4 ball pythons
  2 ball python skeletons (Ossuary)
  6 bats
  3 frilled lizards
  2 goblin zombies (D:4)
  3 kobold zombies (Ossuary)
  An orc skeleton (Ossuary)
  An orc zombie (Ossuary)
  2 rats (D:1)
65 creatures vanquished.

Notes
Turn   | Place    | Note
-------+----------+-------------------------------------------
     0 | D:1      | issech the Troll Monk began the quest for the Orb.
     0 | D:1      | Reached XP level 1. HP: 22/22 MP: 0/0
   137 | D:1      | Reached XP level 2. HP: 28/29 MP: 1/1
   415 | D:1      | Reached XP level 3. HP: 36/36 MP: 2/2
  1064 | D:2      | Found a basalt altar of Yredelemnul.
  1577 | D:3      | Found a faded altar of an unknown god.
  1653 | D:2      | Reached XP level 4. HP: 39/44 MP: 3/3
  1678 | D:3      | Found a large runed translucent door.
  1679 | D:3      | Found a large runed translucent door.
  1736 | D:3      | Found a hide-covered altar of Uskayaw.
  1755 | D:3      | Found an opulent altar of Gozag.
  1806 | D:3      | Found a stormy altar of Qazlal.
  2482 | D:4      | Found a sand-covered staircase.
  2499 | Ossuary  | Entered an ossuary
  2639 | Ossuary  | Noticed a wraith
  2639 | Ossuary  | Noticed a flying skull
  2652 | Ossuary  | Noticed a flying skull
  2681 | Ossuary  | Noticed a wraith
  2688 | Ossuary  | Slain by a wraith

Illustrated notes

Levels and vault maps discovered:
D:1:      dpeg_arrival_erosion, layout_rooms, minmay_misc_feat_cross
D:2:      layout_loops_corners, basic_altar
D:3:      layout_basic, jmf_multi_god_temple2,
          mainiacjoe_overflow_cross_hatched, dilly_ecumenical_altar_fadedgnrine
D:4:      layout_basic, temple_doors_cd, enter_ossuary_4
Ossuary:  ossuary_due_cavern

Skill      XL: |  1  2  3 |
---------------+----------+-----
Maces & Flails | 3 |  3.7
Dodging        | 3 |  3.1
Fighting       | |  2.9
Stealth        | |  1.1

Action                   |  1- 3 |  4- 6 || total
-------------------------+-------+-------++-------
Melee: Mace              |   139 |    71 ||   210
       Punch             |     3 |     1 ||     4
  Use: Scroll            |       |     1 ||     1
 Stab: Sleeping          |     1 |     2 ||     3
Armor: Robe              |    52 |    25 ||    77
Dodge: Dodged            |    84 |    37 ||   121
